 Dungeon Crawl Stone Soup version 0.29.1-15-g9cfb28693d (webtiles) character file.

Game seed: 16431744866139597469

25870 Jakudza the Zephyrmancer (level 13, -2/63 HPs)
             Began as a Tengu Air Elementalist on Apr 9, 2023.
             Was a Priest of Vehumet.
             Slain by an unseen horror (4 damage)
             ... on level 13 of the Dungeon.
             The game lasted 01:11:37 (20784 turns).

Jakudza the Zephyrmancer (Tengu Air Elementalist)  Turns: 20784, Time: 01:11:38

Health: -2/63      AC: 11    Str: 10    XL:     13   Next: 22%
Magic:  6/23       EV: 20    Int: 19    God:    Vehumet [***...]
Gold:   456        SH:  6    Dex: 21    Spells: 8/24 levels left

rFire   + + .      SeeInvis .   z - staff of air
rCold   . . .      Faith    .   w - +2 buckler {rC+ rF+}
rNeg    . . .      Spirit   .   j - +0 acid dragon scales
rPois   +          Reflect  .   (helmet restricted)
rElec   +          Harm     .   m - +2 cloak {Stlth+}
rCorr   +          Rampage  .   t - +1 pair of gloves
Will    .....                   (boots unavailable)
Stlth   +++++.....              (no amulet)
HPRegen 0.20/turn               v - ring of Zethig {Fire rPois rCorr}
MPRegen 0.18/turn               h - +6 ring of dexterity

@: flying quickly and evasively, invisible, quick
A: beak, talons 3, nimble flight
a: Renounce Religion


You were on level 13 of the Dungeon.
You worshipped Vehumet.
Vehumet was most pleased with you.
You visited 2 branches of the dungeon, and saw 14 of its levels.

You collected 964 gold pieces.
You spent 508 gold pieces at shops.

Inventory:

Armour
 j - +0 acid dragon scales (worn)
 m - a +2 cloak of stealth (worn)
 t - a +1 pair of gloves (worn)
 w - a +2 buckler of resistance (worn)
Magical Staves
 z - a staff of air (weapon)
Jewellery
 g - a ring of protection from fire
 h - a +6 ring of dexterity (right hand)
 v - the ring of Zethig (left hand) {Fire rPois rCorr}
   (You acquired it on level 8 of the Dungeon)

   [ring of fire]

   It enhances your fire magic.
   rF:        It protects you from fire.
   rC:        It makes you vulnerable to cold.
   rPois:     It protects you from poison.
   rCorr:     It protects you from acid and corrosion.
Wands
 d - a wand of mindburst (6)
 f - a wand of acid (6)
 q - a wand of paralysis (13)
 r - a wand of flame (18)
 C - a wand of iceblast (5)
Scrolls
 a - 5 scrolls of teleportation
 k - 3 scrolls of identify
 p - a scroll of magic mapping
 s - 3 scrolls of blinking
 x - 2 scrolls of amnesia
Potions
 b - a potion of magic
 c - a potion of invisibility
 e - 2 potions of cancellation
 i - a potion of brilliance
 l - a potion of heal wounds
 o - 2 potions of haste
 u - 5 potions of curing
 D - a potion of resistance


   Skills:
 + Level 9.0 Dodging
 + Level 8.7 Stealth
 - Level 6.0 Spellcasting
 + Level 10.1 Conjurations
 + Level 9.1 Summonings
 * Level 10.5 Fire Magic
 * Level 14.9 Air Magic


You had 8 spell levels left.
You knew the following spells:

 Your Spells              Type           Power      Damage    Failure   Level
a - Shock                 Conj/Air       100%       1d9       1%          1
b - Static Discharge      Conj/Air       68%        3-12/arc  1%          2
c - Airstrike             Air            38%        2d(6-22)  1%          4
d - Summon Lightning Spi  Summ/Air       67%        N/A       1%          4
e - Fireball              Conj/Fire      30%        3d13      2%          5

Your spell library contained the following spells:

 Spells                   Type           Power      Damage    Failure   Level
 Flame Wave               Conj/Fire      61%        2d14      1%          4
 Summon Small Mammal      Summ           100%       N/A       1%          1
 Call Canine Familiar     Summ           40%        N/A       1%          3
 Mephitic Cloud           Conj/Pois/Air  54%        N/A       1%          3
 Swiftness                Air            76%        N/A       1%          3
 Dazzling Flash           Conj/Hex       50%        N/A       2%          3
 Iskenderun's Battlesphe  Conj           44%        2d10      3%          5
 Ignite Poison            Fire/Tmut/Pois 28%        N/A       4%          3
 Freezing Cloud           Conj/Ice/Air   27%        6-21      6%          5
 Conjure Ball Lightning   Conj/Air       34%        3x3d11    6%          6
 Freeze                   Ice            20%        1d4       7%          1
 Hailstorm                Conj/Ice       25%        3d7       9%          4
 Iskenderun's Mystic Bla  Conj/Tloc      25%        2d7       9%          4
 Starburst                Conj/Fire      30%        6d9       14%         6
 Frozen Ramparts          Ice            10%        1d2       19%         3
 Apportation              Tloc           10%        N/A       24%         1
 Beastly Appendage        Tmut           10%        N/A       24%         1
 Necrotise                Necr           20%        1d5       24%         1
 Ensorcelled Hibernation  Hex/Ice        10%        N/A       36%         2
 Passwall                 Tmut/Erth      4%         N/A       36%         2
 Sublimation of Blood     Necr           5%         N/A       36%         2
 Wereblood                Tmut           5%         N/A       36%         2
 Olgreb's Toxic Radiance  Pois           5%         N/A       50%         4
 Confusing Touch          Hex            5%         N/A       58%         3
 Portal Projectile        Hex/Tloc       10%        N/A       58%         3
 Spider Form              Tmut/Pois      5%         N/A       58%         3
 Orb of Destruction       Conj           22%        9d8       58%         7
 Spellforged Servitor     Conj/Summ      21%        N/A       67%         7
 Iron Shot                Conj/Erth      12%        9d3       71%         6
 Lee's Rapid Deconstruct  Erth           2%         3d6*      82%         5
 Cause Fear               Hex            2%         N/A       94%         4
 Dispel Undead            Necr           5%         3d7       94%         4
 Leda's Liquefaction      Hex/Erth       2%         N/A       94%         4
 Passage of Golubria      Tloc           5%         N/A       94%         4
 Monstrous Menagerie      Summ           20%        N/A       99%         7
 Summon Hydra             Summ           20%        N/A       99%         7
 Ignition                 Fire           31%        3d10      99%         8
 Borgnjor's Vile Clutch   Necr/Erth      2%         N/A       100%        5
 Eringya's Noxious Bog    Tmut/Pois      2%         N/A       100%        6
 Dragon Form              Tmut           2%         N/A       100%        7
 Malign Gateway           Summ/Tloc      11%        N/A       100%        7
 Dragon's Call            Summ           20%        N/A       100%        9


Dungeon Overview and Level Annotations

Branches:
Dungeon (13/15)            Temple (1/1) D:5            Lair (0/5) D:11
    Orc (0/2) D:9
 Vaults: D:13-14

Altars:
Ashenzari
Cheibriados
Dithmenos
Elyvilon
Fedhas
Gozag
Hepliaklqana
Kikubaaqudgha
Makhleb
Nemelex Xobeh
Okawaru
Qazlal
Ru
Sif Muna
Trog
Uskayaw
Vehumet
Wu Jian
Xom
Yredelemnul
Zin
The Shining One

Shops:
D:2 :   D:11 :??!*

Annotations:
D:13 1 runed translucent door, EarthwalkerPL's ghost, journeyman MiFi


Innate Abilities, Weirdness & Mutations

You have a beak for a mouth.
You have claws for feet.
Your magical nature lets you fly swiftly and evasively.


Message History

Something hits your lightning spire.
Something hits your lightning spire but does no damage.
The centaur warrior hits your lightning spire!
The centaur warrior kicks your lightning spire.
The centaur warrior completely misses your lightning spire.
The centaur warrior kicks your lightning spire.
Something hits your lightning spire!
The centaur warrior hits your lightning spire.
Your lightning spire is destroyed!
Your lightning spire disappears in a puff of smoke!
The centaur warrior shouts!
The centaur warrior wields a +0 shortbow.
The centaur warrior shoots an arrow.
The centaur warrior wields a +0 shortbow.
The centaur warrior shoots an arrow.
The arrow misses you.
A centaur warrior comes into view.
The centaur warrior shoots an arrow. x2
Something barely misses you. Something hits you!
Deactivating autopickup; reactivate with Ctrl-A.
You see here the +0 cloak of Mucuc {rC+}.
Something hits you but does no damage. Something barely misses you. x2
Things that are here:
a +2 buckler of protection; a +0 ring mail; a +0 long sword Something hits you.
Something hits you.
* * * LOW HITPOINT WARNING * * *
Something hits you but does no damage. Something hits you!
* * * LOW HITPOINT WARNING * * *
Something hits you.
* * * LOW HITPOINT WARNING * * *
Something hits you but does no damage. Something closely misses you.
You block something's attack. Something closely misses you.
Something misses you. Something hits you.
* * * LOW HITPOINT WARNING * * *
Something hits you.
You die...

..# #....#....#......^##
..###########....#.>..'........##
.................######..........
.................................
......!######....................
.......# #......######'###....
.......# #......#........#....
.......# #...{..#........#....
.......# #...@..#........#....
.......# #......#........#....
.......# #......##+#######....
.......# #....................
.......######..........<......###
...................(..........#
.......................######.#
###############........#
##########


There were no monsters in sight!

Vanquished Creatures
  2 hydras
  A boulder beetle (D:7)
  2 centaur warriors
  A death knight (D:13)
  A tengu warrior (D:8)
  A deep elf pyromancer (D:13)
  An ugly thing (D:13)
  A cyclops (D:11)
  2 unseen horrors
  2 gargoyles
  A rime drake (shapeshifter) (D:13)
  A kobold demonologist (D:10)
  A queen bee (shapeshifter) (D:13)
  6 slime creatures
  A meliai (shapeshifter) (D:8)
  2 trolls
  A hornet (D:10)
  Prince Ribbit (D:8)
  Sigmund (D:5)
  3 wyverns
  A shadow (D:11)
  A wraith (D:8)
  A basilisk (D:11)
  5 yaks
  A steam dragon (D:8)
  Menkaure (D:5)
  Duvessa (D:5)
  4 acid dragons
  4 water moccasins
  2 orc warriors (D:8)
  2 ice beasts
  2 sky beasts (D:7)
  4 black bears
  A wolf (D:11)
  3 ogres
  11 centaurs
  3 kobold brigands (D:10)
  3 bullfrogs
  3 gnoll sergeants
  5 scorpions
  2 wights
  Dowan (D:5)
  2 howler monkeys
  3 electric eels (D:9)
  3 quasits (D:7)
  2 gnoll boudas
  A hound (D:7)
  2 orc priests
  2 jellies
  2 iguanas
  4 orc wizards
  20 gnolls
  9 adders
  4 white imps
  3 ufetubi
  5 worms
  A dart slug (D:1)
  19 orcs
  9 ball pythons
  3 endoplasms
  4 giant cockroaches
  5 goblins
  6 hobgoblins
  5 jackals
  3 quokkas
  6 bats
  3 frilled lizards
  17 kobolds
  5 rats
241 creatures vanquished.

Vanquished Creatures (collateral kills)
  A catoblepas (D:9)
  2 boulder beetles
  2 two-headed ogres
  A tengu warrior (D:13)
  The ghost of chujev the Trooper, a novice DrTm of Sif Muna (D:7)
  2 cyclopes (D:13)
  A gargoyle (D:12)
  Maggie (D:9)
  A komodo dragon (D:11)
  A tengu conjurer (D:8)
  The ghost of Descartes the Shield-Bearer, an amateur FoFi (D:4)
  3 slime creatures (D:12)
  A basilisk (D:11)
  8 yaks
  A steam dragon (D:8)
  An acid dragon (D:11)
  2 water moccasins (D:11)
  An orc warrior (D:6)
  2 black bears
  A centaur (D:9)
  A wolf (D:11)
  A kobold brigand (D:10)
  2 gnoll sergeants
  A bullfrog (D:6)
  4 wights (D:7)
  A howler monkey (D:7)
  A quasit (D:7)
  2 orc priests (D:9)
  5 orc wizards
  3 gnolls
  4 orcs
  A goblin (D:4)
60 creatures vanquished.

Vanquished Creatures (others)
  A centaur simulacrum (D:13)
  10 fungi
  20 plants
31 creatures vanquished.

Grand Total: 332 creatures vanquished

Notes
Turn   | Place    | Note
-------+----------+-------------------------------------------
     0 | D:1      | Jakudza the Tengu Air Elementalist began the quest for the
                  | Orb.
     0 | D:1      | Reached XP level 1. HP: 10/10 MP: 4/4
    97 | D:1      | Reached XP level 2. HP: 7/15 MP: 0/6
   572 | D:1      | Got the Tractate on Congregated Minerals
  1383 | D:2      | Reached XP level 3. HP: 12/19 MP: 1/7
  1515 | D:2      | Found Atomouhu's Book Emporium.
  1526 | D:2      | Got Udokh's Almanac of Alluring Calefaction
  1753 | D:2      | Learned a level 2 spell: Static Discharge
  2468 | D:2      | Reached skill level 1 in Summonings
  2468 | D:2      | Reached XP level 4. HP: 20/24 MP: 3/8
  2918 | D:3      | Reached skill level 1 in Fire Magic
  3330 | D:3      | Found a faded altar of an unknown god.
  3398 | D:3      | Reached skill level 5 in Air Magic
  3398 | D:3      | Gained mutation: Your magical nature lets you fly swiftly
                  | and evasively. [Tengu growth]
  3398 | D:3      | Reached XP level 5. HP: 20/28 MP: 2/10
  4080 | D:4      | Noticed Descartes's ghost (amateur FoFi)
  4084 | D:4      | Found a runed translucent gate.
  4084 | D:4      | Found a runed translucent gate.
  4086 | D:4      | Found a runed translucent gate.
  4088 | D:4      | Noticed a black bear
  4565 | D:4      | Noticed a black bear
  4574 | D:4      | Killed a black bear
  4575 | D:4      | Reached XP level 6. HP: 25/32 MP: 0/11
  4743 | D:5      | Entered Level 5 of the Dungeon
  4852 | D:5      | Noticed Sigmund
  5288 | D:5      | Reached XP level 7. HP: 21/36 MP: 0/13
  5449 | D:5      | Reached skill level 6 in Air Magic
  5503 | D:5      | Learned a level 4 spell: Airstrike
  5508 | D:5      | Learned a level 4 spell: Summon Lightning Spire
  5517 | D:5      | Noticed Menkaure
  5521 | D:5      | Killed Menkaure
  5724 | D:5      | Found a staircase to the Ecumenical Temple.
  5805 | Temple   | Entered the Ecumenical Temple
  5946 | Temple   | Became a worshipper of Vehumet
  6180 | D:5      | Killed Sigmund
  6181 | D:5      | Reached XP level 8. HP: 21/41 MP: 2/15
  6456 | D:5      | Noticed Duvessa
  6456 | D:5      | Noticed Dowan
  6465 | D:5      | Killed Dowan
  6466 | D:5      | Reached skill level 7 in Air Magic
  6467 | D:5      | Killed Duvessa
  7232 | D:6      | Reached skill level 5 in Spellcasting
  7399 | D:6      | Reached skill level 8 in Air Magic
  7399 | D:6      | Reached XP level 9. HP: 45/45 MP: 11/17
  7505 | D:6      | Reached * piety under Vehumet
  7505 | D:6      | Offered knowledge of Foxfire by Vehumet.
  7668 | D:6      | Reached skill level 5 in Conjurations
  8453 | D:4      | Killed Descartes's ghost
  8454 | D:4      | Reached skill level 5 in Dodging
  8766 | D:7      | Got the Directory of the Snake
  8998 | D:7      | Reached skill level 5 in Stealth
  9006 | D:7      | Reached skill level 9 in Air Magic
  9009 | D:7      | Reached skill level 5 in Summonings
  9246 | D:7      | Found a transporter.
  9270 | D:7      | Found a transporter.
  9283 | D:7      | Noticed chujev's ghost (novice DrTm)
  9332 | D:7      | Noticed a boulder beetle
  9372 | D:7      | Killed a boulder beetle
  9373 | D:7      | Reached skill level 10 in Air Magic
  9373 | D:7      | Reached XP level 10. HP: 20/50 MP: 1/20
  9954 | D:7      | Reached skill level 5 in Fire Magic
 10228 | D:7      | Killed chujev's ghost
 10763 | D:8      | Noticed a two-headed ogre
 10768 | D:8      | Killed a two-headed ogre
 10896 | D:8      | Reached skill level 11 in Air Magic
 11100 | D:8      | Noticed Prince Ribbit
 11104 | D:8      | Killed Prince Ribbit
 11104 | D:8      | Offered knowledge of Scorch by Vehumet.
 11316 | D:8      | Noticed an eight-headed hydra
 11351 | D:8      | Killed an eight-headed hydra
 11351 | D:8      | Reached ** piety under Vehumet
 11352 | D:8      | Reached XP level 11. HP: 30/54 MP: 2/21
 11761 | D:8      | Identified a scroll of acquirement
 11761 | D:8      | Acquired the ring of Zethig {Fire rPois rCorr}
 12080 | D:8      | Identified the +10 dagger of Psychosis {holy, Fragile rC+
                  | rCorr Dex+7}
 12087 | D:8      | Identified the +6 trident of Lopiewie {vorpal, rElec rF+++
                  | Int+7 Stlth-}
 12265 | D:8      | Identified the +0 cloak of Mucuc {rC+}
 12288 | D:8      | Noticed a centaur warrior
 12293 | D:8      | Killed a centaur warrior
 12293 | D:8      | Identified the +7 war axe of Disharmony {elec, rC- Str+4
                  | Int+4 Dex+7}
 12294 | D:8      | Reached skill level 12 in Air Magic
 12697 | D:8      | Noticed a tengu warrior
 12717 | D:8      | Killed a tengu warrior
 13686 | D:9      | Noticed Maggie
 13698 | D:9      | Killed Maggie
 13930 | D:9      | Offered knowledge of Dazzling Flash by Vehumet.
 14088 | D:9      | Noticed a catoblepas
 14119 | D:9      | Killed a catoblepas
 14360 | D:9      | Found a staircase to the Orcish Mines.
 14743 | D:10     | Entered Level 10 of the Dungeon
 14748 | D:10     | Reached *** piety under Vehumet
 14749 | D:10     | Reached skill level 13 in Air Magic
 14887 | D:10     | Found a hide-covered altar of Uskayaw.
 14978 | D:10     | Reached XP level 12. HP: 47/59 MP: 14/22
 15268 | D:10     | Noticed a two-headed ogre
 15274 | D:10     | Killed a two-headed ogre
 15483 | D:11     | Found Ifum's General Store.
 15556 | D:11     | Bought 2 potions of attraction for 84 gold pieces
 15623 | D:11     | Found Nopny's Magic Scroll Shop.
 15623 | D:11     | Noticed a six-headed hydra
 15631 | D:11     | Killed a six-headed hydra
 15733 | D:11     | Bought a scroll of identify for 22 gold pieces
 15733 | D:11     | Bought a scroll of identify for 22 gold pieces
 15733 | D:11     | Bought a scroll of amnesia for 44 gold pieces
 15868 | D:11     | Offered knowledge of Flame Wave by Vehumet.
 16102 | D:11     | Found Muud's Distillery.
 16110 | D:11     | Bought a potion of berserk rage for 70 gold pieces
 16110 | D:11     | Bought a potion of flight for 42 gold pieces
 16110 | D:11     | Bought a potion of curing for 42 gold pieces
 16110 | D:11     | Bought a potion of lignification for 42 gold pieces
 16122 | D:11     | Found Votoif's Magic Scroll Shop.
 16132 | D:11     | Bought a scroll of identify for 28 gold pieces
 16132 | D:11     | Bought 3 scrolls of identify for 84 gold pieces
 16132 | D:11     | Bought a scroll of identify for 28 gold pieces
 16292 | D:11     | Found a staircase to the Lair.
 16425 | D:11     | Noticed a boulder beetle
 16435 | D:11     | Killed a boulder beetle
 16537 | D:11     | Found Betezoadd's Book Boutique.
 16537 | D:11     | Noticed a centaur warrior
 16558 | D:11     | Killed a centaur warrior
 16992 | D:12     | Reached skill level 14 in Air Magic
 18070 | D:12     | Learned a level 5 spell: Fireball
 18349 | D:11     | Reached **** piety under Vehumet
 19000 | D:13     | Noticed a tengu warrior
 19005 | D:13     | Killed a tengu warrior
 19006 | D:13     | Reached skill level 10 in Fire Magic
 19074 | D:13     | Got the Book of Transposition and Malignant Rituals
 19208 | D:13     | Reached XP level 13. HP: 63/63 MP: 9/23
 19595 | D:13     | Found a runed translucent door.
 19599 | D:13     | Identified the +8 trident "Killer Bee's Curse" {protect,
                  | Fragile Int+5}
 19599 | D:13     | Noticed EarthwalkerPL's ghost (journeyman MiFi)
 19670 | D:13     | Reached skill level 10 in Conjurations
 20784 | D:13     | HP: 2/63 [something (4)]
 20784 | D:13     | Slain by an unseen horror

Illustrated notes

Levels and vault maps discovered:
D:1:      evilmike_arrival_rings, layout_basic, lexackson_kobold_supper
D:2:      layout_rooms, serial_shops, nicolae_lakefront_shop, eino_tiny_chamber,
          minmay_quantized
D:3:      layout_rooms, nicolae_ecumenical_snake_handling,
          kennysheep_generic_room_8
D:4:      layout_loops_ring, gammafunk_ghost_split
D:5:      layout_rooms, minmay_temple_entry_statues_pillars, uniq_menkaure,
          uniq_sigmund, uniq_duvessa
D:6:      layout_basic
D:7:      layout_basic, gammafunk_ghost_stat_death
D:8:      minmay_the_grid_square_5x5_3x3 [minmay_the_grid_square_5x5_n_small,
          minmay_the_grid_square_5x5_fat_x, minmay_the_grid_square_5x5_bridge,
          minmay_the_grid_square_5x5_inner_v,
          minmay_the_grid_square_5x5_megaprize_checkered,
          minmay_the_grid_square_5x5_half_checkered,
          minmay_the_grid_square_5x5_minimal, minmay_the_grid_square_5x5_inset,
          minmay_the_grid_square_5x5_percent], layout_loops_ring,
          minmay_misc_feat_rugged, uniq_prince_ribbit1
D:9:      layout_rooms, minmay_orc_entry_temple_small, chequers_big_river,
          uniq_maggie
D:10:     layout_basic, eat_drink_and_be_merry_uskayaw
D:11:     layout_roguey, minmay_lair_entry_grove, serial_shops,
          nicolae_shop_hallway_stairs,
          nicolae_shop_temple_entry_statues_fountains, shop,
          nicolae_stop_n_shop_2, shop, kennysheep_generic_room_14
D:12:     layout_loops_ring, chequers_serial_rivers_large_b
D:13:     layout_irregular_city, david_vaults_5, ebering_ghost_funeral_grove
Temple:   mainiacjoe_temple_archimedes_tessellation

Skill      XL: |  1  2  3  4  5  6  7  8  9 10 11 12 13 |
---------------+----------------------------------------+-----
Conjurations   | 2 3 4 6 7 8 9 10 | 10.1
Summonings     | 1 2 3 4 5 6 7 8 9 |  9.1
Fire Magic     | 1 2 3 4 6 8 10 | 10.5
Air Magic      | 5 6 8 10 11 13 14 | 14.9
Dodging        | 3 4 5 6 7 8 9 |  9.0
Stealth        | 3 4 5 6 7 8 |  8.7
Spellcasting   | 3 4 5 6 |  6.0

Action                   |  1- 3 |  4- 6 |  7- 9 | 10-12 | 13-15 || total
-------------------------+-------+-------+-------+-------+-------++-------
Melee: Unarmed           |     9 |       |       |       |       ||     9
       Kick              |    14 |     3 |     3 |     4 |       ||    24
       Short sword       |    30 |    15 |     5 |     5 |       ||    55
       Peck              |     9 |     2 |     2 |     3 |       ||    16
       Staff             |       |       |       |     3 |       ||     3
 Cast: Shock             |    62 |   126 |   109 |   183 |    11 ||   491
       Static Discharge  |     3 |    16 |    33 |   110 |     9 ||   171
       Airstrike         |       |       |    12 |    73 |    25 ||   110
       Summon Lightning  |       |       |     9 |    41 |     7 ||    57
       Fireball          |       |       |       |     2 |       ||     2
  Use: Scroll            |     5 |     7 |     5 |    10 |     1 ||    28
       Potion            |       |     1 |     1 |     2 |     1 ||     5
Armor: Robe              |     3 |     7 |     5 |     7 |       ||    22
       Acid dragon scale |       |       |       |    16 |     6 ||    22
Dodge: Dodged            |    13 |    28 |    29 |   126 |    11 ||   207
Block: Buckler           |       |       |       |    38 |     6 ||    44
